 Dungeon Crawl Stone Soup version 0.29-a0-473-gacb4ef3bc5 (webtiles) character file.

Game seed: 13657554096283031697

55650 Bruhh the Alchemist (level 14, -2/337 HPs)
             Began as an Ogre Transmuter on May 23, 2022.
             Was a Priest of Sif Muna.
             Slain by a black mamba (9 damage)
             ... on level 1 of the Snake Pit.
             The game lasted 00:44:21 (36815 turns).

Bruhh the Alchemist (Ogre Transmuter)              Turns: 36815, Time: 00:44:21

Health: -2/337     AC: 16    Str: 27    XL:     14   Next: 78%
Magic:  1/23       EV:  7    Int: 30    God:    Sif Muna [***...]
Gold:   637        SH:  0    Dex:  9    Spells: 1/29 levels left

rFire   + + .      SeeInvis .     - Unarmed
rCold   x . .      Faith    .   (shield currently unavailable)
rNeg    . . .      Spirit   .   (body armour currently unavailable)
rPois   +          Reflect  .   (helmet currently unavailable)
rElec   .          Harm     .   (cloak currently unavailable)
rCorr   .          Rampage  .   (gloves unavailable)
Will    +....      NoTele   +   (boots unavailable)
Stlth   ..........              K - amulet of magic regeneration
HPRegen 0.66/turn               V - +6 ring of intelligence
MPRegen 0.58/turn               Q - +6 ring of intelligence

@: berserking, lethally poisoned (-2 -> -6), dragon-form, untranslocatable,
flying, slightly contaminated, hasted, studying 2 skills, very quick
A: dragon claw, dragon scales, breathe fire, flying, boosted hp, giant,
unfitting armour, (tough skin 1), low MP 1
a: Breathe Fire, End Transformation, Renounce Religion, Channel Magic, Forget
Spell


You were on level 1 of the Snake Pit.
You worshipped Sif Muna.
Sif Muna was most pleased with you.
You were a fearsome dragon!
You visited 6 branches of the dungeon, and saw 24 of its levels.
You visited the Abyss 1 time.

You collected 1863 gold pieces.
You spent 1226 gold pieces at shops.

Inventory:

Missiles
 w - 19 poisoned darts
 y - 6 datura-tipped darts
 B - 3 curare-tipped darts
 C - 5 throwing nets
Armour
 a - a +1 robe
 g - the +3 hat of Pondering (melded) {ponderous, Will+ MP+10 Int+5}
   (You took it off Gastronok on level 3 of the Lair of Beasts)

   Int:       It affects your intelligence (+5).
   MP:        It affects your magic capacity (+10).
   Will:      It increases your willpower.
 P - a +1 robe of willpower (melded)
Jewellery
 f - a ring of resist corrosion
 u - a +4 ring of evasion
 v - an amulet of faith
 x - a ring of poison resistance
 K - an amulet of magic regeneration (around neck)
 L - an amulet of guardian spirit
 Q - a +6 ring of intelligence (right foreclaw)
 R - a ring of positive energy
 T - a ring of flight
 V - a +6 ring of intelligence (left foreclaw)
Wands
 n - a wand of mindburst (10)
 q - a wand of polymorph (4)
 D - a wand of iceblast (23)
 E - a wand of charming (11)
 F - a wand of paralysis (6)
 M - a wand of acid (6)
Scrolls
 b - a scroll of fear
 c - 3 scrolls of amnesia
 d - 6 scrolls of enchant armour
 e - 2 scrolls of poison
 h - a scroll of torment
 k - 5 scrolls of teleportation
 m - 3 scrolls of blinking {unknown}
 o - 5 scrolls of immolation
 p - 2 scrolls of silence
 r - a scroll of enchant weapon
 t - 2 scrolls of vulnerability
 A - 3 scrolls of fog
 J - 6 scrolls of identify
 O - a scroll of brand weapon {unknown}
Potions
 j - 6 potions of degeneration
 l - 5 potions of flight
 s - 2 potions of mutation
 z - 2 potions of cancellation
 G - 2 potions of resistance {unknown}
 H - a potion of curing
 I - 2 potions of magic
 N - 3 potions of haste
 U - a potion of might
Miscellaneous
 W - a phantom mirror (inert)


   Skills:
 - Level 12.9 Fighting
 - Level 1.7 Dodging
 - Level 10.9 Unarmed Combat
 - Level 8.0 Spellcasting
 - Level 6.0 Conjurations
 - Level 15.0 Transmutations
 + Level 4.9 Air Magic
 + Level 6.6 Earth Magic


You had one spell level left.
You knew the following spells:

 Your Spells              Type           Power      Damage    Failure   Level
a - Beastly Appendage     Tmut           100%       N/A       0%          1
b - Statue Form           Tmut/Erth      44%        N/A       8%          6
c - Ice Form              Ice/Tmut       54%        N/A       1%          4
d - Irradiate             Conj/Tmut      33%        3d24      1%          5
e - Blade Hands           Tmut           40%        N/A       1%          5
f - Dragon Form           Tmut           40%        N/A       8%          7

Your spell library contained the following spells:

 Spells                   Type           Power      Damage    Failure   Level
 Foxfire                  Conj/Fire      100%       2x1d9     1%          1
 Magic Dart               Conj           100%       1d8       1%          1
 Sandblast                Erth           100%       2d20      1%          1
 Apportation              Tloc           24%        N/A       4%          1
 Necrotize                Necr           48%        1d6       4%          1
 Slow                     Hex            48%        N/A       4%          1
 Summon Small Mammal      Summ           48%        N/A       4%          1
 Wereblood                Tmut           80%        N/A       0%          2
 Passwall                 Tmut/Erth      55%        N/A       1%          2
 Static Discharge         Conj/Air       44%        N/A       1%          2
 Ignite Poison            Fire/Tmut/Pois 42%        N/A       1%          3
 Spider Form              Tmut/Pois      54%        N/A       1%          3
 Swiftness                Air            41%        N/A       1%          3
 Petrify                  Tmut/Erth      67%        N/A       1%          4
 Conjure Flame            Conj/Fire      30%        6-21      3%          3
 Mephitic Cloud           Conj/Pois/Air  33%        N/A       3%          3
 Airstrike                Air            20%        N/A       5%          4
 Yara's Violent Unravell  Hex/Tmut       27%        3d12      5%          5
 Call Imp                 Summ           12%        N/A       6%          2
 Ensorcelled Hibernation  Hex/Ice        24%        N/A       6%          2
 Sublimation of Blood     Necr           12%        N/A       6%          2
 Lee's Rapid Deconstruct  Erth           25%        3d15*     8%          5
 Leda's Liquefaction      Hex/Erth       16%        N/A       11%         4
 Flame Wave               Conj/Fire      30%        2d8       12%         4
 Hailstorm                Conj/Ice       30%        3d8       12%         4
 Sticky Flame             Conj/Fire      30%        2d5       12%         4
 Call Canine Familiar     Summ           12%        N/A       13%         3
 Confusing Touch          Hex            12%        N/A       13%         3
 Inner Flame              Hex/Fire       12%        N/A       13%         3
 Summon Guardian Golem    Hex/Summ       12%        N/A       13%         3
 Vampiric Draining        Necr           12%        2d6       13%         3
 Lightning Bolt           Conj/Air       22%        1d37      13%         5
 Summon Lightning Spire   Summ/Air       26%        N/A       16%         4
 Corpse Rot               Necr/Pois/Air  21%        N/A       22%         4
 Eringya's Noxious Bog    Tmut/Pois      27%        N/A       30%         6
 Anguish                  Hex/Necr       6%         N/A       38%         4
 Summon Ice Beast         Ice/Summ       12%        N/A       38%         4
 Iron Shot                Conj/Erth      25%        9d5       43%         6
 Storm Form               Tmut/Air       32%        N/A       52%         7
 Agony                    Necr           12%        N/A       75%         5
 Summon Forest            Summ/Tloc      6%         N/A       75%         5
 Simulacrum               Ice/Necr       6%         N/A       100%        6
 Spellforged Servitor     Conj/Summ      15%        N/A       100%        7
 Summon Hydra             Summ           6%         N/A       100%        7


Dungeon Overview and Level Annotations

Branches:
Dungeon (13/15)            Temple (1/1) D:5            Lair (6/6) D:10
 Shoals (1/4) Lair:3        Snake (1/4) Lair:2        Slime (0/5) Lair:5
    Orc (2/2) D:10            Elf (0/3) Orc:2
 Vaults: D:13-14

Altars:
Ashenzari
Dithmenos
Elyvilon
Fedhas
Gozag
Hepliaklqana
Kikubaaqudgha
Makhleb
Nemelex Xobeh
Okawaru
Qazlal
Ru
Sif Muna
Trog
Uskayaw
Vehumet
Wu Jian
Xom
Yredelemnul
Zin
The Shining One
Jiyva

Shops:
D:3 =?([?   D:10 (   D:11 :   Orc:2 ::(*

Annotations:
D:9 2 transporters, Fama's ghost, journeyman DDFi
Lair:5 3 runed translucent doors, exclusion: 3 oklob plants, Gacs's ghost, journeyman FoFi
Shoals:1 Louise
Snake:1 Nikola


Innate Abilities, Weirdness & Mutations

You are a fearsome dragon!
You have a powerful clawing attack.
Your giant scaled body is strong and resiliant, but less evasive.
You can breathe fire.
You are flying.
Your maximum health is greatly increased.
Your armour is entirely melded.
You are incapable of wielding weapons or throwing items.
You are too large for most types of armour.
((You have tough skin. (AC +1)))
Your magical capacity is low. (-10% MP)


Message History

The mana viper bites you!
* * * LOW HITPOINT WARNING * * *
You feel your power leaking away. The nagaraja hits you with a +0 whip!!
* * * LOW HITPOINT WARNING * * *
The shock serpent is engulfed in poison gas.
The shock serpent is poisoned.
The mana viper bites you but does no damage.
The nagaraja points at you and mumbles some strange words.
You feel firmly anchored in space.
You hear an angry hiss.
You hear a shout!
It was a potion of haste.
You feel yourself speed up.
You hear a shout!
The shock serpent is engulfed in poison gas.
The shock serpent looks even sicker.
A naga sharpshooter comes into view. It is wielding a +0 morningstar.
A naga comes into view. It is wielding a +0 short sword.
The nagaraja hits you with a +0 whip!!
* * * LOW HITPOINT WARNING * * *
The mana viper closely misses you.
The shock serpent is engulfed in poison gas.
The shock serpent looks even sicker.
The shock serpent's electric aura discharges, shocking you!
* * * LOW HITPOINT WARNING * * *
A red film seems to cover your vision as you go berserk!
You feel yourself moving faster!
You feel mighty!
The nagaraja gestures at you while chanting.
The bolt of poison hits you but does no damage.
You resist. The naga warrior spits poison at you.
The splash of poison hits you but does no damage.
You are poisoned.
You resist.
The shock serpent is engulfed in poison gas.
The shock serpent looks as sick as possible!
The shock serpent bites you but does no damage.
The mana viper completely misses you.
A naga warrior comes into view. It is wielding a +0 glaive.
The black mamba bites you!
You die...

#..# #...... ...#
###.....§#
...#####.....##§# §
.###.#...).NN.....§ §§
...........SS####§###§
#.........S@SS###.§§§.
#..##.....###S.?.§§#
...##.#...#######NN#§§#
#..#.#.#)NNNN§SDS§§§#
#.....###.N##§§S§§##
#..#.###..##§§§§§§§#
#.<......###§##§#§§#
#.##.#.#.. §§ §§§## #.
#.#... #§§ N### .. ..
.##### §# ##. .#..# N§
.. ...#


You could see a nagaraja (fast, strong), 4 naga warriors, 2 naga sharpshooters,
a shock serpent (extremely poisoned, misshapen), a mana viper, a black mamba and
2 nagas.

Vanquished Creatures
  Gastronok (Lair:3)
  Snorg (Orc:1)
  A boulder beetle (D:12)
  5 hydras
  2 anacondas (Snake:1)
  2 two-headed ogres
  A merfolk avatar (Lair:6)
  An orc high priest (Orc:2)
  4 lindwurms (Lair:3)
  An orc knight (Orc:1)
  A deep elf pyromancer (D:12)
  6 orc sorcerers (Orc:2)
  An ugly thing (D:12)
  3 cyclopes
  9 elephants
  A manticore (Lair:6)
  Maurice (D:8)
  A gargoyle (D:12)
  4 black mambas
  11 cane toads
  11 komodo dragons
  A kobold demonologist (D:12)
  4 rime drakes
  2 ice devils (Lair:1)
  8 trolls
  4 merfolk (Lair:3)
  A polar bear (shapeshifter) (D:11)
  A wind drake (Lair:6)
  4 hornets
  A slime creature (D:13)
  4 polar bears
  Grinder (D:4)
  13 blink frogs
  2 snapping turtles (Lair:6)
  33 yaks
  A vampire (D:10)
  A basilisk (Lair:1)
  A wraith (D:11)
  9 wyverns
  3 steam dragons
  4 vampire mosquitoes (D:12)
  3 wargs
  3 swamp worms (Lair:2)
  2 acid dragons
  2 nagas (Lair:2)
  A water moccasin (shapeshifter) (D:11)
  16 water moccasins
  18 orc warriors
  3 ice beasts
  Pargi (D:4)
  An ogre (D:6)
  5 black bears
  8 centaurs
  9 wolves
  3 phantoms
  3 kobold brigands
  7 bullfrogs
  2 gnoll sergeants
  4 scorpions
  4 wights
  4 killer bees
  A howler monkey (D:6)
  An electric eel (D:10)
  A hound (D:4)
  6 jellies
  20 orc priests
  A gnoll shaman (D:6)
  39 orc wizards
  4 iguanas
  22 gnolls
  12 adders
  2 white imps
  3 ufetubi
  2 worms (D:4)
  6 dart slugs
  43 orcs
  6 ball pythons
  5 bats
  10 endoplasms
  10 giant cockroaches
  2 goblins
  5 hobgoblins
  4 jackals (D:5)
  5 quokkas
  3 frilled lizards
  A goblin zombie (D:6)
  20 kobolds
  2 rats (D:1)
  A rat zombie (D:6)
502 creatures vanquished.

Vanquished Creatures (collateral kills)
  Rupert (Lair:3)
  A naga (Snake:1)
  An orc warrior (D:9)
  An orc wizard (D:9)
  3 orcs (D:9)
7 creatures vanquished.

Vanquished Creatures (others)
  3 orcs
  24 fungi
  41 plants
68 creatures vanquished.

Grand Total: 577 creatures vanquished

Notes
Turn   | Place    | Note
-------+----------+-------------------------------------------
     0 | D:1      | Bruhh the Ogre Transmuter began the quest for the Orb.
     0 | D:1      | Reached XP level 1. HP: 19/19 MP: 3/3
   312 | D:1      | Reached XP level 2. HP: 28/28 MP: 3/5
   336 | D:1      | Reached skill level 2 in Transmutations
  1243 | D:2      | Found a faded altar of an unknown god.
  1352 | D:2      | Reached XP level 3. HP: 34/35 MP: 4/7
  1375 | D:2      | Learned a level 3 spell: Spider Form
  1642 | D:2      | Reached XP level 4. HP: 35/44 MP: 4/8
  2679 | D:3      | Found Dephisib's Magic Scroll Shop.
  2783 | D:3      | Reached XP level 5. HP: 53/53 MP: 8/10
  2977 | D:3      | Found Edebudugh's Jewellery Shoppe.
  3003 | D:3      | Found Zeontiemn's Antique Armour Shoppe.
  3055 | D:3      | Found Simuut's Antique Weapon Shop.
  3336 | D:3      | Found Waprakhla's Magic Scroll Boutique.
  3844 | D:4      | Reached skill level 3 in Transmutations
  3844 | D:4      | Reached XP level 6. HP: 48/62 MP: 9/12
  4052 | D:4      | Noticed Grinder
  4077 | D:4      | Killed Grinder
  4078 | D:4      | Reached XP level 7. HP: 71/71 MP: 10/14
  4183 | D:4      | Noticed Pargi
  4191 | D:4      | Reached skill level 5 in Fighting
  4191 | D:4      | Reached skill level 5 in Spellcasting
  4196 | D:4      | Killed Pargi
  4688 | D:4      | Found a hazy altar of Hepliaklqana.
  4718 | D:4      | Reached skill level 5 in Unarmed Combat
  4838 | D:5      | Entered Level 5 of the Dungeon
  5312 | D:5      | Reached XP level 8. HP: 83/84 MP: 9/15
  6147 | D:5      | Found a staircase to the Ecumenical Temple.
  6217 | Temple   | Entered the Ecumenical Temple
  6317 | Temple   | Became a worshipper of Sif Muna the Loreminder
  7202 | D:6      | Reached XP level 9. HP: 62/98 MP: 13/16
  8091 | D:6      | Reached skill level 10 in Fighting
  8555 | D:7      | Reached * piety under Sif Muna
  9010 | D:7      | Reached skill level 4 in Transmutations
 10618 | D:7      | Learned a level 4 spell: Ice Form
 10673 | D:8      | Noticed Maurice
 10695 | D:7      | Reached skill level 5 in Transmutations
 10695 | D:7      | Reached XP level 10. HP: 64/106 MP: 13/17
 11139 | D:8      | Killed Maurice
 11646 | D:8      | Paralysed by a hornet for 2 turns
 12376 | D:8      | Reached skill level 6 in Transmutations
 12495 | D:8      | Reached skill level 10 in Unarmed Combat
 12959 | D:9      | Found a transporter.
 12964 | D:9      | Noticed a two-headed ogre
 12965 | D:9      | Noticed a moth of wrath
 12965 | D:9      | Noticed Fama's ghost (journeyman DDFi)
 12966 | D:9      | Noticed a deep troll
 12981 | D:9      | Noticed a two-headed ogre
 13005 | D:9      | Found a transporter.
 13009 | D:9      | Found a bloodstained altar of Trog.
 13028 | D:9      | Reached skill level 7 in Transmutations
 13216 | D:9      | Reached ** piety under Sif Muna
 14101 | D:9      | Noticed a wizard
 14111 | D:9      | Cast into level 2 of the Abyss (a wizard)
 14117 | Abyss:2  | Found a corrupted altar of Lugonu.
 14138 | Abyss:2  | Noticed a hellion
 14143 | D:9      | Escaped the Abyss
 14603 | D:10     | Entered Level 10 of the Dungeon
 14800 | D:10     | Reached skill level 8 in Transmutations
 14814 | D:10     | Learned a level 5 spell: Irradiate
 15427 | D:10     | Found Omniwaeh's Weapon Shop.
 15510 | D:10     | Reached skill level 1 in Conjurations
 15527 | D:10     | Reached XP level 11. HP: 99/117 MP: 18/18
 15833 | D:10     | Found a staircase to the Orcish Mines.
 16276 | D:10     | Reached *** piety under Sif Muna
 16414 | D:10     | Reached skill level 9 in Transmutations
 16627 | D:10     | HP: 1/117 [acid dragon/splash of acid (34)]
 17191 | D:10     | Found a staircase to the Lair.
 17911 | Lair:1   | Entered Level 1 of the Lair of Beasts
 17919 | Lair:1   | Reached skill level 5 in Conjurations
 18585 | Lair:1   | Reached skill level 10 in Transmutations
 19361 | Lair:1   | Found a hazy altar of Hepliaklqana.
 19499 | Lair:1   | Noticed Sonja
 19500 | Lair:1   | Noticed Sonja
 19500 | Lair:1   | Sonja changed into Sonja the black bear
 19505 | Lair:1   | Killed Sonja the black bear
 20119 | Lair:2   | Noticed a seven-headed hydra
 20132 | Lair:2   | Killed a seven-headed hydra
 20133 | Lair:2   | Reached skill level 11 in Transmutations
 20133 | Lair:2   | Reached XP level 12. HP: 82/126 MP: 15/19
 20699 | Lair:2   | Found a staircase to the Snake Pit.
 20804 | Lair:2   | Reached **** piety under Sif Muna
 21453 | Lair:2   | Learned a level 5 spell: Blade Hands
 21601 | Lair:3   | Noticed Rupert
 21608 | Lair:3   | Paralysed by Rupert for 3 turns
 21615 | Lair:3   | Killed Rupert
 21616 | Lair:3   | Reached skill level 12 in Transmutations
 21938 | Lair:3   | You fall into a shaft and drop 2 floors!
 21938 | Lair:5   | Noticed a five-headed hydra
 21945 | Lair:5   | Found a runed translucent gate.
 21954 | Lair:5   | Killed a five-headed hydra
 21966 | Lair:5   | Gained mutation: Your magical capacity is low. (-10% MP)
                  | [mutagenic glow]
 22354 | Lair:5   | Found a runed translucent gate.
 22354 | Lair:5   | Found a runed translucent gate.
 22354 | Lair:5   | Noticed an acid blob
 22355 | Lair:5   | Noticed an azure jelly
 22355 | Lair:5   | Noticed an acid blob
 22355 | Lair:5   | Noticed Gacs's ghost (journeyman FoFi)
 22356 | Lair:5   | Noticed an acid blob
 22356 | Lair:5   | Noticed a quicksilver ooze
 22357 | Lair:5   | Noticed an acid blob
 22359 | Lair:5   | Noticed an acid blob
 22469 | Lair:5   | Reached skill level 13 in Transmutations
 23771 | Lair:3   | Noticed Gastronok
 23787 | Lair:3   | Killed Gastronok
 23788 | Lair:3   | Reached skill level 14 in Transmutations
 24149 | Lair:3   | Reached ***** piety under Sif Muna
 24164 | Lair:3   | Reached XP level 13. HP: 119/133 MP: 18/18
 26164 | Lair:3   | Received a gift from Sif Muna
 26167 | Lair:3   | Got Fiaff's Reference Book on Summoning and Dark Rites {god
                  | gift}
 26506 | Lair:3   | Found a staircase to the Shoals.
 26625 | Lair:3   | Learned a level 7 spell: Dragon Form
 28199 | Lair:5   | Found a staircase to the Slime Pits.
 28643 | Lair:5   | Found a viscous altar of Jiyva.
 28658 | Lair:6   | Entered Level 6 of the Lair of Beasts
 28909 | Lair:6   | Reached skill level 15 in Transmutations
 30501 | Orc:1    | Entered Level 1 of the Orcish Mines
 30543 | Orc:1    | Found a radiant altar of Vehumet.
 30718 | Orc:1    | Noticed Snorg
 30724 | Orc:1    | Reached XP level 14. HP: 150/150 MP: 18/23
 30726 | Orc:1    | Killed Snorg
 30736 | Orc:1    | Received a gift from Sif Muna
 30750 | Orc:1    | Got Sif Muna's Incunabulum of the Floating Mountains {god
                  | gift}
 31257 | Orc:2    | Entered Level 2 of the Orcish Mines
 31263 | Orc:2    | Reached skill level 1 in Earth Magic
 31278 | Orc:2    | Found a staircase to the Elven Halls.
 32100 | Orc:2    | Found an iron altar of Okawaru.
 32574 | Orc:1    | Learned a level 6 spell: Statue Form
 33127 | Orc:2    | Reached skill level 1 in Air Magic
 33137 | Orc:2    | Received a gift from Sif Muna
 33173 | Orc:2    | Got Sif Muna's Reference Book on Shape Shifting {god gift}
 33485 | Orc:2    | Found Dozxyr's Book Boutique.
 33486 | Orc:2    | Found Bot Umay's Assorted Antiques.
 33487 | Orc:2    | Found Gacoamov's Antique Weapon Shop.
 33491 | Orc:2    | Found Roycotopt's Book Boutique.
 33495 | Orc:2    | Bought a scroll labelled RAUHIOD NUNEO for 26 gold pieces
 34232 | D:11     | Found Uzustroip's Self-Improvement Boutique.
 34332 | D:11     | Reached skill level 5 in Earth Magic
 34379 | D:11     | Bought a manual of Unarmed Combat for 1200 gold pieces
 35470 | D:12     | Got A Beginning Course on Spellweaving
 36693 | Shoals:1 | Entered Level 1 of the Shoals
 36693 | Shoals:1 | Noticed Louise
 36737 | Snake:1  | Entered Level 1 of the Snake Pit
 36784 | Snake:1  | Identified the +4 falchion of Oily Tenacity {protect, rF++
                  | Int-5}
 36800 | Snake:1  | Noticed Nikola
 36805 | Snake:1  | Noticed a nagaraja
 36814 | Snake:1  | HP: 5/225 [nagaraja/+0 whip (35)]
 36815 | Snake:1  | Slain by a black mamba

Illustrated notes

Levels and vault maps discovered:
D:1:      sevenhm_arrival_forest_fort_small_6, layout_basic
D:2:      layout_loops_ring, dreamdust_ecumenical_altar_grove
D:3:      minmay_roachtagon, layout_loops_ring, serial_shops,
          nicolae_shop_behind_doors, nicolae_shop_window_shopping,
          nicolae_diamond_shop, nicolae_shop_behind_doors, nicolae_shop_crystal,
          patterned_corridor
D:4:      layout_loops_ring, kennysheep_mini, kennysheep_cluttered_room,
          uniq_grinder, uniq_pargi
D:5:      minmay_spotlight, layout_rooms, minmay_temple_entry_glass,
          chequers_serial_rivers_room_b, kennysheep_generic_room_4
D:6:      layout_basic, enter_ossuary_4, minmay_fractal_squares_gapless_5
D:7:      layout_gridville
D:8:      layout_basic, minmay_unpleasant_kobolds, uniq_maurice
D:9:      layout_loops_cross, gammafunk_ghost_wrathful_warriors,
          minmay_liquid_box, laboratory
D:10:     layout_irregular_city, erik_lair_dragon, erik_orc_2, serial_shops,
          kennysheep_mini_moat, blue_anna_alchemist
D:11:     layout_cave_pods, minivault_21, minmay_misc_feat_diagonals,
          nicolae_shop_self_help
D:12:     layout_roguey
D:13:     layout_irregular_city, grunt_vaults_entry_tiered, serial_shops,
          nicolae_shop_advertising_works [nicolae_subvault_shop_adworks],
          grunt_dithmenos_shadows
Temple:   regret_index_temple_sigil_plot
Lair:1:   layout_cave_shapes, portal_ice_cave_demonic_guard, basic_altar,
          uniq_sonja
Lair:2:   layout_regular_city, guppyfry_snake_entry_garden, worms_lemuel
Lair:3:   layout_cave_pods, elwin_shoals_entry_stream, minmay_lindwurm_lava,
          lemuel_fruit_fields, uniq_gastronok, uniq_rupert
Lair:4:   layout_layer_cave
Lair:5:   layout_loops_ring, minmay_slime_entry_oklob_enclosed,
          gammafunk_ghost_ooze
Lair:6:   gammafunk_lair_ancient_temple, layout_long_grid
Shoals:1: layout_shoals, centaur_isle, uniq_louise, uniq_mlioglotl, uniq_roxanne
Snake:1:  layout_rooms, grunt_megastairs_4, uniq_nikola
Orc:1:    layout_diamond_mine, basic_altar, lightli_church_of_beogh, uniq_snorg
Orc:2:    st_orc_mages, layout_diamond_mine, okawaru_metal_pillars_1_2

Skill      XL: |  1  2  3  4  5  6  7  8  9 10 11 12 13 14 |
---------------+-------------------------------------------+-----
Transmutations | 2 3 5 8 11 14 15 | 15.0
Fighting       | 2 3 4 6 9 10 12 | 12.9
Unarmed Combat | 3 4 5 7 9 10 | 10.9
Spellcasting   | 3 4 5 8 |  8.0
Conjurations   | 2 6 |  6.0
Earth Magic    | 6 |  6.6
Air Magic      | 4 |  4.9
Dodging        | |  1.7

Action                   |  1- 3 |  4- 6 |  7- 9 | 10-12 | 13-15 || total
-------------------------+-------+-------+-------+-------+-------++-------
Melee: Unarmed           |    66 |   146 |   367 |   507 |   430 ||  1516
       Kick              |    14 |    12 |    36 |       |       ||    62
       Headbutt          |     8 |    13 |    24 |       |       ||    45
       Punch             |     1 |     1 |     4 |     8 |    32 ||    46
       Tailslap          |       |       |       |       |    40 ||    40
       Bite              |       |       |       |       |    31 ||    31
Throw: Dart              |       |       |     1 |       |       ||     1
       Throwing net      |       |       |     1 |       |       ||     1
 Cast: Beastly Appendage |    24 |    30 |    37 |       |       ||    91
       Spider Form       |     1 |     4 |    17 |    44 |     2 ||    68
       Irradiate         |       |       |       |    12 |     7 ||    19
       Ice Form          |       |       |       |    10 |     3 ||    13
       Blade Hands       |       |       |       |    19 |     3 ||    22
       Dragon Form       |       |       |       |       |    37 ||    37
       Statue Form       |       |       |       |       |     6 ||     6
Invok: Forget Spell      |       |       |       |       |     1 ||     1
 Abil: Breathe Fire      |       |       |       |       |     2 ||     2
Evoke: Wand              |       |       |       |     1 |       ||     1
       Phantom mirror    |       |       |       |       |     1 ||     1
  Use: Scroll            |       |       |     5 |    13 |     4 ||    22
       Potion            |       |       |     2 |    16 |     4 ||    22
 Stab: Sleeping          |       |       |       |     1 |       ||     1
Armor: Robe              |    18 |    22 |    69 |    31 |    17 ||   157
       Skin              |     1 |     1 |    14 |    26 |   306 ||   348
Dodge: Dodged            |    27 |    97 |   313 |   383 |   283 ||  1103

Table legend: (Time is in decaauts)
 A = Elapsed time spent in this place.
 B = Non-inter-level travel time spent in this place.
 C = Inter-level travel time spent in this place.
 D = Time resting spent in this place.
 E = Time spent auto-exploring this place.
 F = Levels seen in this place.
 G = Mean time per level.
                   A        B        C        D        E       F      G
               +--------+--------+--------+--------+--------+-----+--------+
         Total |  37314 |  35900 |   1414 |   5756 |  25399 |  25 | 1492.6 |
       Dungeon |  21537 |  20602 |    935 |   3146 |  14687 |  13 | 1656.7 |
        Temple |    117 |     88 |     29 |      0 |     67 |   1 |  117.0 |
          Lair |  12116 |  11760 |    356 |   1820 |   8650 |   6 | 2019.3 |
        Shoals |      1 |      1 |      0 |      0 |      0 |   1 |    1.0 |
     Snake Pit |    109 |    109 |      0 |      0 |     58 |   1 |  109.0 |
  Orcish Mines |   3400 |   3309 |     91 |    790 |   1936 |   2 | 1700.0 |
         Abyss |     31 |     31 |      0 |      0 |      0 |   1 |   31.0 |
               +--------+--------+--------+--------+--------+-----+--------+

Top non-repeatable levels by time:
    D:10: 4632 daAuts
  Lair:3: 3647 daAuts
     D:8: 2634 daAuts
  Lair:2: 2504 daAuts
     D:5: 2218 daAuts
     D:6: 2089 daAuts
     D:7: 1778 daAuts
   Orc:2: 1740 daAuts
   Orc:1: 1660 daAuts
  Lair:4: 1644 daAuts
    D:11: 1606 daAuts
  Lair:6: 1574 daAuts
  Lair:5: 1528 daAuts
     D:4: 1386 daAuts
  Lair:1: 1218 daAuts
